 Dungeon Crawl Stone Soup version 0.27.1-4-g1640c2035a (webtiles) character file.

Game seed: 10421638489408580501

338 unlimited1921 the Vexing (level 6, -8/47 HPs)
             Began as a Gnoll Arcane Marksman on Nov 13, 2021.
             Mangled by an orc priest (15 damage)
             ... on level 4 of the Dungeon.
             The game lasted 00:29:28 (8051 turns).

unlimited1921 the Vexing (Gnoll Arcane Marksman)    Turns: 8051, Time: 00:29:28

Health: -8/47      AC:  4    Str:  9    XL:     6   Next: 55%
Magic:  2/11       EV: 13    Int: 15    God:
Gold:   150        SH:  0    Dex: 12    Spells: 3/11 levels left

rFire    . . .     SeeInvis .   a - +0 hand crossbow
rCold    . . .     Faith    .   (no shield)
rNeg     . . .     Spirit   .   p - +0 leather armour
rPois    .         Reflect  .   (no helmet)
rElec    .         Harm     .   (no cloak)
rCorr    .         Rampage  .   r - +0 pair of gloves
Will     .....                  (no boots)
Stlth    ++........             (no amulet)
HPRegen  0.15/turn              (no ring)
MPRegen  0.12/turn              (no ring)

@: no status effects
A: fangs 1, strong nose, distributed training
a: no special abilities


You were on level 4 of the Dungeon.
You visited 1 branch of the dungeon, and saw 4 of its levels.

You collected 150 gold pieces.

Inventory:

Hand Weapons
 a - a +0 hand crossbow (weapon)
 b - a +3 dagger
 g - a +0 short sword
 i - a +0 hunting sling
 j - a +0 whip
 s - a +0 flail
 u - a +0 spear
 E - a +0 trident
Missiles
 c - 44 bolts (quivered ammo)
 m - 41 arrows
 t - 76 stones
 w - 14 poisoned darts (quivered)
 D - a throwing net
 F - 3 boomerangs
Armour
 d - a +0 robe
 o - a +0 ring mail
 p - a +0 leather armour (worn)
 r - a +0 pair of gloves (worn)
 v - a +0 scale mail
 y - a +0 scale mail
 B - a +0 ring mail
Scrolls
 e - 3 scrolls of identify {unknown}
 h - a scroll of vulnerability {unknown}
 k - a scroll of teleportation {unknown}
 l - a scroll of fear {unknown}
 q - a scroll of noise {unknown}
Potions
 f - a potion of haste {unknown}
 n - 2 potions of curing
 x - a potion of heal wounds {unknown}
 z - a potion of berserk rage {unknown}
 A - a potion of lignification {unknown}
 C - a potion of resistance {unknown}


   Skills:
 + Level 3.3 Fighting
 + Level 2.0 Short Blades
 + Level 2.0 Long Blades
 + Level 2.0 Axes
 + Level 2.0 Maces & Flails
 + Level 2.0 Polearms
 + Level 2.0 Staves
 + Level 2.0 Slings
 + Level 2.0 Bows
 + Level 5.0 Crossbows
 + Level 2.0 Throwing
 + Level 2.0 Armour
 + Level 5.0 Dodging
 + Level 2.0 Stealth
 + Level 2.0 Shields
 + Level 2.0 Unarmed Combat
 + Level 3.4 Spellcasting
 + Level 1.6 Conjurations
 + Level 5.7 Hexes
 + Level 1.6 Summonings
 + Level 1.6 Necromancy
 + Level 1.6 Translocations
 + Level 1.6 Transmutations
 + Level 1.6 Fire Magic
 + Level 1.6 Ice Magic
 + Level 1.6 Air Magic
 + Level 1.6 Earth Magic
 + Level 1.6 Poison Magic
 + Level 2.2 Invocations
 + Level 2.0 Evocations


You had 3 spell levels left.
You knew the following spells:

 Your Spells              Type           Power      Damage    Failure   Level
a - Corona                Hex            21%        N/A       2%          1
b - Slow                  Hex            19%        N/A       3%          2
c - Inner Flame           Hex/Fire       13%        N/A       17%         3
d - Poisonous Vapours     Pois/Air       14%        N/A       21%         2

Your spell library contained the following spells:

 Spells                   Type           Power      Damage    Failure   Level
 Sting                    Tmut/Pois      28%        1d4       14%         1
 Portal Projectile        Hex/Tloc       26%        N/A       17%         3
 Cause Fear               Hex            9%         N/A       26%         4
 Olgreb's Toxic Radiance  Pois           7%         N/A       80%         4


Dungeon Overview and Level Annotations

Branches:
Dungeon (4/15)
 Temple: D:4-7

Altars:

Shops:
D:1 :


Innate Abilities, Weirdness & Mutations

You have very sharp teeth.
Your uncanny sense of smell can sniff out nearby items.
Your experience applies equally to all skills.


Message History

You shoot a bolt. The bolt hits the orc priest.
The orc priest is lightly wounded.
The orc priest hits you with a +0 hand axe of electrocution.
The orc priest misses you.
You shoot a bolt. The bolt closely misses the orc priest.
The orc priest hits you but does no damage.
A goblin comes into view. It is wielding a +0 club.
Casting: Inner Flame (dangerous; 17% risk of failure)
Confirm with . or Enter, or press ? or * to list all spells.
You don't have enough magic to cast this spell.
Unknown command.
Unknown command.
Casting: Inner Flame (dangerous; 17% risk of failure)
Confirm with . or Enter, or press ? or * to list all spells.
Aiming: Corona (safe; 2% risk of failure)
Press: ? - help, Shift-Dir - straight line, f/p - orc priest
Aim: an orc priest, wielding a +0 hand axe of electrocution (lightly wounded, chance to affect: 57%)
The orc priest is outlined in light.
The goblin shouts!
The orc priest closely misses you.
You shoot a bolt. The bolt barely misses the orc priest.
The orc priest hits you with a +0 hand axe of electrocution.
You are electrocuted!
* * * LOW HITPOINT WARNING * * *
You are too injured to fight recklessly!
Press: ? - help, v - describe, . - travel, g - get item
Here: an orc priest, wielding a +0 hand axe of electrocution (lightly wounded, softly glowing) Item here: a bolt.
The floor, spattered with blood.
There are monsters nearby!
Throw: 15 darts (poison)
Press: ? - help, Q - select action, (/) - cycle Shift-Dir - straight line, f/p - orc priest
Aim: an orc priest, wielding a +0 hand axe of electrocution (lightly wounded, softly glowing, 78% to hit)
You throw a poisoned dart. The poisoned dart hits the orc priest.
The orc priest is poisoned.
The orc priest is lightly wounded.
The orc priest hits you with a +0 hand axe of electrocution.
* * * LOW HITPOINT WARNING * * *
You are electrocuted!
You die...

##....# #.......#
#....#
#.......########
......#
#.......#.......
.#.#.##
#.......#.#####. ∆
#.#.###
##.#.##.#.#####.
######........)..)..
#...)....##.#..#.##.
#.##.#......#....##.
#@###.#####.......
..g.((o## ##.#
##...... ...(..# #.#
####### ..(... ##
....# ..)(∆ ..( (.


You could see an orc priest (poisoned, corona) and a goblin.

Vanquished Creatures
  A phantom (D:4)
  An orc wizard (D:4)
  8 gnolls
  6 adders
  2 worms (D:2)
  3 dart slugs
  6 orcs (D:4)
  11 ball pythons
  5 bats
  6 endoplasms
  3 giant cockroaches
  7 goblins
  4 hobgoblins
  7 jackals (D:2)
  2 kobolds
  5 quokkas
  6 frilled lizards
  4 rats
87 creatures vanquished.

Notes
Turn   | Place    | Note
-------+----------+-------------------------------------------
     0 | D:1      | unlimited1921 the Gnoll Arcane Marksman began the quest for
                  | the Orb.
     0 | D:1      | Reached XP level 1. HP: 17/17 MP: 4/4
   891 | D:1      | Reached XP level 2. HP: 20/23 MP: 5/5
   923 | D:1      | Learned a level 2 spell: Slow
  1489 | D:1      | Found Cibir's Book Boutique.
  2047 | D:1      | Found a faded altar of an unknown god.
  2096 | D:1      | Reached XP level 3. HP: 28/28 MP: 5/7
  2100 | D:1      | Learned a level 3 spell: Inner Flame
  3026 | D:2      | Reached skill level 1 in Invocations
  3992 | D:2      | Reached skill level 1 in Short Blades
  3992 | D:2      | Reached skill level 1 in Long Blades
  3992 | D:2      | Reached skill level 1 in Axes
  3992 | D:2      | Reached skill level 1 in Maces & Flails
  3992 | D:2      | Reached skill level 1 in Polearms
  3992 | D:2      | Reached skill level 1 in Staves
  3992 | D:2      | Reached skill level 1 in Slings
  3992 | D:2      | Reached skill level 1 in Bows
  3992 | D:2      | Reached skill level 1 in Throwing
  3992 | D:2      | Reached skill level 1 in Armour
  3992 | D:2      | Reached skill level 1 in Stealth
  3992 | D:2      | Reached skill level 1 in Shields
  3992 | D:2      | Reached skill level 1 in Unarmed Combat
  3992 | D:2      | Reached skill level 1 in Evocations
  4247 | D:2      | Reached XP level 4. HP: 34/34 MP: 6/8
  4280 | D:2      | Reached skill level 1 in Conjurations
  4280 | D:2      | Reached skill level 1 in Summonings
  4280 | D:2      | Reached skill level 1 in Necromancy
  4280 | D:2      | Reached skill level 1 in Translocations
  4280 | D:2      | Reached skill level 1 in Transmutations
  4280 | D:2      | Reached skill level 1 in Fire Magic
  4280 | D:2      | Reached skill level 1 in Ice Magic
  4280 | D:2      | Reached skill level 1 in Air Magic
  4280 | D:2      | Reached skill level 1 in Earth Magic
  4280 | D:2      | Reached skill level 1 in Poison Magic
  4718 | D:2      | Reached XP level 5. HP: 40/40 MP: 7/9
  7096 | D:4      | Reached XP level 6. HP: 32/47 MP: 10/10
  7244 | D:4      | Learned a level 2 spell: Poisonous Vapours
  7462 | D:4      | Reached skill level 5 in Crossbows
  7462 | D:4      | Reached skill level 5 in Dodging
  8051 | D:4      | Mangled by an orc priest

Illustrated notes

Levels and vault maps discovered:
D:1:      lordsloth_arrival_two_stooges, layout_basic,
          shapermc_ecumenical_altar_mp_highgroup, serial_shops, shop
D:2:      layout_rooms, solitary_fountain
D:3:      layout_loops_ring, chequers_serial_rivers_small_3
D:4:      layout_loops_cross

Skill      XL: |  1  2  3  4  5  6 |
---------------+-------------------+-----
Invocations    | 1 2 |  2.2
Short Blades   | 1 2 |  2.0
Long Blades    | 1 2 |  2.0
Axes           | 1 2 |  2.0
Maces & Flails | 1 2 |  2.0
Polearms       | 1 2 |  2.0
Staves         | 1 2 |  2.0
Slings         | 1 2 |  2.0
Bows           | 1 2 |  2.0
Throwing       | 1 2 |  2.0
Armour         | 1 2 |  2.0
Stealth        | 1 2 |  2.0
Shields        | 1 2 |  2.0
Unarmed Combat | 1 2 |  2.0
Evocations     | 1 2 |  2.0
Spellcasting   | 3 |  3.4
Conjurations   | 1 |  1.6
Summonings     | 1 |  1.6
Necromancy     | 1 |  1.6
Translocations | 1 |  1.6
Transmutations | 1 |  1.6
Fire Magic     | 1 |  1.6
Ice Magic      | 1 |  1.6
Air Magic      | 1 |  1.6
Earth Magic    | 1 |  1.6
Poison Magic   | 1 |  1.6
Fighting       | 3 |  3.3
Crossbows      | 5 |  5.0
Dodging        | 5 |  5.0
Hexes          | |  5.7

Action                   |  1- 3 |  4- 6 || total
-------------------------+-------+-------++-------
Melee: Dagger            |    70 |     1 ||    71
       Bite              |     3 |       ||     3
 Fire: Hand crossbow     |    28 |   138 ||   166
Throw: Dart              |       |     9 ||     9
 Cast: Corona            |    39 |    54 ||    93
       Slow              |    12 |    10 ||    22
       Inner Flame       |       |     3 ||     3
  Use: Potion            |       |     1 ||     1
Armor: Robe              |    11 |       ||    11
       Leather armour    |     5 |    11 ||    16
Dodge: Dodged            |    68 |    34 ||   102
